 Dungeon Crawl Stone Soup version 0.20-a0-993-gba41c3c (webtiles) character file.

3313 Alarkh the Martial Artist (level 9, -2/71 HPs)
             Began as a Demonspawn Transmuter on Apr 11, 2017.
             Was a Follower of Okawaru.
             Slain by a wight
             ... wielding a +0 mace
              (8 damage)
             ... on level 7 of the Dungeon.
             The game lasted 00:13:16 (11796 turns).

Alarkh the Martial Artist (Demonspawn Transmuter)  Turns: 11796, Time: 00:13:17

Health: -2/71      AC:  1    Str: 17    XL:     9   Next: 70%
Magic:  13/14      EV: 18    Int: 18    God:    Okawaru [*.....]
Gold:   255        SH:  0    Dex: 20    Spells: 12/15 levels left

rFire    . . .     SeeInvis +     - Unarmed
rCold    . . .     Gourm    .   (no shield)
rNeg     . . .     Faith    +   b - +0 robe
rPois    .         Spirit   .   (no helmet)
rElec    .         Reflect  .   (no cloak)
rCorr    .         Harm     .   (no gloves)
MR       .....                  (no boots)
Stlth    +++++.....             w - amulet of faith
Regen    0.3/turn               f - ring of see invisible
MPRegen  0.2/turn               i - +6 ring of dexterity

@: mighty, heroism, drained
A: claws 2, talons 1, deformed body, mutation resistance 1, nightstalker 2,
powered by pain 1, strong 1
a: Heroism, Renounce Religion


You were on level 7 of the Dungeon.
You worshipped Okawaru.
Okawaru was aware of your devotion.
You were not hungry.

You visited 2 branches of the dungeon, and saw 8 of its levels.
You also visited: Ossuary.

You collected 363 gold pieces.
You spent 108 gold pieces at shops.

Inventory:

Missiles
 a - 82 arrows
Armour
 b - a +0 robe (worn)
Jewellery
 f - a ring of see invisible (left claw)
 i - a +6 ring of dexterity (right claw)
 p - an uncursed amulet of rage
 w - an amulet of faith (around neck)
 F - an uncursed ring of wizardry
Wands
 r - a wand of lightning (4/15)
Scrolls
 e - a scroll of identify
 h - a scroll of teleportation
 l - 3 scrolls of random uselessness
 s - a scroll of enchant armour
 v - a scroll of immolation
 x - a scroll of amnesia
 y - 2 scrolls of remove curse
 z - a scroll of blinking
 A - a scroll of noise
 G - a scroll of enchant weapon {unknown}
 H - a scroll of recharging {unknown}
Potions
 g - 2 potions of might
 j - a potion of magic
 k - a potion of mutation
 m - a potion of agility
 n - a potion of lignification
 o - a potion of resistance
 q - a potion of haste
 t - 13 potions of degeneration
 E - 3 potions of curing
Books
 c - a book of Changes

   Spells                             Type                      Level
   a - Beastly Appendage              Transmutation                1
   b - Sticks to Snakes               Transmutation                2
   c - Spider Form                    Transmutation/Poison         3
   d - Ice Form                       Ice/Transmutation            4
   e - Blade Hands                    Transmutation                5
Comestibles
 d - 7 bread rations
 u - a chunk of flesh
 B - 4 meat rations
 D - a royal jelly


   Skills:
 + Level 6.8(10.5) Fighting
 + Level 3.4(7.2) Dodging
 * Level 9.6(13.2) Unarmed Combat
 + Level 3.9(2.8) Spellcasting
 + Level 4.0(2.9) Transmutations


You had 12 spell levels left.
You knew the following spells:

 Your Spells              Type           Power        Failure   Level  Hunger
a - Sticks to Snakes      Tmut           ##......     10%         2    ##.....
b - Beastly Appendage     Tmut           ##....       6%          1    None


Dungeon Overview and Level Annotations

Branches:
Dungeon (7/15)             Temple (1/1) D:6

Altars:
Ashenzari
Cheibriados
Dithmenos
Elyvilon
Gozag
Kikubaaqudgha
Makhleb
Nemelex Xobeh
Okawaru
Qazlal
Ru
Sif Muna
Trog
Uskayaw
Vehumet
Xom
Yredelemnul
Zin
The Shining One

Shops:
D:4 !   D:6 (


Innate Abilities, Weirdness & Mutations

You have very sharp fingernails.
You have sharp toenails.
You are significantly more attuned to the shadows.
You sometimes gain a little power by taking damage.
Armour fits poorly on your strangely shaped body.
You are somewhat resistant to further mutation.
Your muscles are strong. (Str +2)


Message History

You claw the wight! Your kick misses the wight.
The wight is heavily damaged.
The wight completely misses you. The wight barely misses you.
The wight hits you with a halberd.
* * * LOW HITPOINT WARNING * * *
You scratch the wight but do no damage. Your kick misses the wight.
The wight is heavily damaged.
The wight hits you with a mace!
* * * LOW HITPOINT WARNING * * *
You feel drained. The wight closely misses you.
The wight completely misses you.
Unknown command.
You barely miss the wight. You claw the wight.
The wight is severely damaged.
You mangle the wight!!
You destroy the wight!
Okawaru accepts your kill.
Your base Transmutations skill increases to level 4!
The wight hits you with a mace!
You die...

.....# ### .....#
####.# ...### .#....#
...### ......###
.#...### #.....######
.......###..)..)....#
..##.......)........#
#.##..........#.....#
#.............#.@z..#
####..........#)z...#
##################


You could see 2 wights.

Vanquished Creatures
  Pikel (D:4)
  Eustachio (D:4)
  A hungry ghost (D:6)
  Menkaure (D:7)
  An ice beast (D:5)
  2 sky beasts
  An ogre (D:6)
  2 phantoms
  A centaur (D:7)
  2 bullfrogs
  Blork the orc (D:4)
  2 scorpions
  8 wights (D:7)
  An electric eel (D:6)
  A howler monkey (D:5)
  A centaur zombie (Ossuary)
  4 crimson imps
  A jelly (D:7)
  2 hounds
  5 orc priests
  A centaur skeleton (D:5)
  A human zombie (Ossuary)
  3 orc wizards
  2 worker ants
  A killer bee zombie (D:6)
  2 big kobold zombies (Ossuary)
  A hound zombie (D:7)
  A hound skeleton (D:4)
  6 mummies (Ossuary)
  9 gnolls
  10 adders
  A shadow imp (D:7)
  An ooze (D:1)
  3 adder zombies
  A worm (D:2)
  2 dart slugs
  5 leopard geckos
  15 orcs
  7 bats
  5 giant cockroaches
  3 hobgoblins
  6 jackals
  2 quokkas
  5 frilled lizards
  A giant cockroach zombie (D:5)
  A gnoll zombie (Ossuary)
  5 goblins
  2 goblin zombies (Ossuary)
  6 kobolds
  A kobold zombie (Ossuary)
  8 rats
156 creatures vanquished.

Vanquished Creatures (collateral kills)
  The ghost of sqweez the Skirmisher, an amateur TrBe of Trog (D:3)
  A scorpion (D:7)
  A crimson imp (D:5)
  A gnoll shaman (D:6)
  An orc wizard (D:6)
  A gnoll (D:6)
  2 adders
  A worm (D:2)
  A dart slug (D:2)
  An orc (D:5)
11 creatures vanquished.

Vanquished Creatures (others)
  A slave (D:4)
  The ghost of Alarkh the Insei, an amateur DsTm (D:4)
  An adder (D:4)
  A gnoll (D:4)
  2 giant cockroaches (D:4)
6 creatures vanquished.

Grand Total: 173 creatures vanquished

Notes
Turn   | Place    | Note
-------+----------+-------------------------------------------
     0 | D:1      | Alarkh the Demonspawn Transmuter began the quest for the Orb.
     0 | D:1      | Reached XP level 1. HP: 15/15 MP: 3/3
    80 | D:1      | Reached skill level 3 in Unarmed Combat
   657 | D:1      | Gained mutation: You are slightly more attuned to the shadows. [demonic ancestry]
   657 | D:1      | Reached XP level 2. HP: 21/21 MP: 5/5
   709 | D:1      | Learned a level 2 spell: Sticks to Snakes
  1350 | D:2      | Reached XP level 3. HP: 22/26 MP: 1/6
  1731 | D:2      | Reached skill level 4 in Unarmed Combat
  2616 | D:3      | Gained mutation: You have sharp fingernails. [demonic ancestry]
  2616 | D:3      | Reached XP level 4. HP: 29/33 MP: 7/7
  3317 | D:3      | Found a shattered altar of Ashenzari.
  3318 | D:3      | Found an opulent altar of Gozag.
  3415 | D:3      | Noticed sqweez's ghost (amateur TrBe)
  3491 | D:3      | Gained mutation: You sometimes gain a little power by taking damage. [demonic ancestry]
  3491 | D:3      | Reached XP level 5. HP: 30/39 MP: 8/8
  3698 | D:3      | Found a burning altar of Makhleb.
  3707 | D:3      | Found a shimmering altar of Xom.
  4132 | D:3      | Killed sqweez's ghost
  4132 | D:3      | Reached skill level 5 in Unarmed Combat
  4363 | D:4      | Noticed a phantom
  4376 | D:4      | Killed a phantom
  4376 | D:4      | Reached XP level 6. HP: 47/47 MP: 9/9
  4424 | D:4      | Noticed Pikel
  4424 | D:4      | Noticed a slave
  4441 | D:3      | Found a glowing golden altar of the Shining One.
  4441 | D:3      | Found a radiant altar of Vehumet.
  4787 | D:4      | Found Umifia's Distillery.
  4934 | D:4      | Bought a potion of invisibility for 96 gold pieces
  4934 | D:4      | Bought a potion of degeneration for 12 gold pieces
  4955 | D:4      | Noticed Blork the orc
  4966 | D:4      | Killed Pikel
  4966 | D:4      | Reached skill level 7 in Unarmed Combat
  4966 | D:4      | Gained mutation: You have very sharp fingernails. [demonic ancestry]
  4966 | D:4      | Reached XP level 7. HP: 55/55 MP: 10/10
  4973 | D:4      | Killed Blork the orc
  4973 | D:4      | Reached skill level 5 in Fighting
  5369 | D:4      | Killed Alarkh's ghost
  5529 | D:4      | Noticed Eustachio
  5557 | D:4      | Killed a freed slave
  5574 | D:4      | Killed Eustachio
  5574 | D:4      | Gained mutation: You have sharp toenails. [demonic ancestry]
  5574 | D:4      | Reached XP level 8. HP: 19/62 MP: 7/11
  6133 | D:4      | Found a deep blue altar of Sif Muna.
  6503 | D:5      | Entered Level 5 of the Dungeon
  6785 | D:5      | Found a sand-covered staircase.
  6791 | Ossuary  | Entered an ossuary
  6849 | Ossuary  | Reached skill level 8 in Unarmed Combat
  9246 | D:6      | Gained mutation: You are significantly more attuned to the shadows. [demonic ancestry]
  9246 | D:6      | Reached XP level 9. HP: 44/69 MP: 13/13
  9260 | D:6      | Gained mutation: You are frail. (-10% HP) [mutagenic meat]
  9261 | D:6      | Gained mutation: Your flesh is cold resistant. (rC+) [mutagenic meat]
  9262 | D:6      | Gained mutation: You are somewhat resistant to further mutation. [mutagenic meat]
  9263 | D:6      | Gained mutation: You are clumsy. (Dex -2) [mutagenic meat]
  9264 | D:6      | Gained mutation: Your spells are a little easier to cast, but a little less powerful. [mutagenic meat]
  9265 | D:6      | Gained mutation: Your magical capacity is low. (-10% MP) [mutagenic meat]
  9266 | D:6      | Lost mutation: Your magical capacity is low. (-10% MP) [potion of mutation]
  9266 | D:6      | Lost mutation: Your flesh is cold resistant. (rC+) [potion of mutation]
  9266 | D:6      | Lost mutation: Your spells are a little easier to cast, but a little less powerful. [potion of mutation]
  9266 | D:6      | Lost mutation: You are frail. (-10% HP) [potion of mutation]
  9266 | D:6      | Lost mutation: You are clumsy. (Dex -2) [potion of mutation]
  9266 | D:6      | Gained mutation: Armour fits poorly on your strangely shaped body. [potion of mutation]
  9350 | D:6      | Reached skill level 9 in Unarmed Combat
  9557 | D:6      | Found a staircase to the Ecumenical Temple.
  9788 | Temple   | Entered the Ecumenical Temple
 10060 | Temple   | Became a worshipper of Warmaster Okawaru
 10155 | D:6      | Found Huegikan's Antique Weapon Emporium.
 10545 | D:7      | Noticed Menkaure
 10841 | D:7      | Killed Menkaure
 11109 | D:7      | Gained mutation: Your muscles are strong. (Str +2) [mutagenic meat]
 11585 | D:7      | Reached * piety under Okawaru
 11644 | D:7      | Found a glowing silver altar of Zin.
 11796 | D:7      | Slain by a wight

Vault maps used:
D:1:      saegor_arrival_under_anarchy
D:2:      first_bread
D:3:      minmay_door_path, grunt_temple_overflow_champion_of_chaos,
          nicolae_overflow_hidden_temple
D:4:      led_sif_pool, serial_shops, shop, uniq_eustachio, uniq_pikel,
          uniq_blork_the_orc
D:5:      nicolae_ossuary_entry_plus
D:6:      minmay_temple_entry_butterflies, serial_shops, kennysheep_little_box,
          fountainhead, kennysheep_decorative_pillar
D:7:      zin_treasury, uniq_menkaure
Temple:   minmay_temple_curvy_loop
Ossuary:  ossuary_crypta

Skill      XL: |  1  2  3  4  5  6  7  8  9 |
---------------+----------------------------+-----
Unarmed Combat | 3 4 5 7 8 9 |  9.6
Fighting       | 2 3 4 5 6 |  6.8
Dodging        | 2 3 |  3.4
Transmutations | 2 4 |  4.0
Spellcasting   | 3 |  3.9

Action                   |  1- 3 |  4- 6 |  7- 9 || total
-------------------------+-------+-------+-------++-------
Melee: Unarmed           |   151 |   111 |   398 ||   660
       Kick              |     6 |       |   113 ||   119
       Headbutt          |     1 |       |       ||     1
       Punch             |     1 |     1 |    21 ||    23
 Cast: Sticks to Snakes  |     9 |     5 |    22 ||    36
       Beastly Appendage |     2 |       |       ||     2
Invok: Heroism           |       |       |     1 ||     1
 Abil: Evoke Berserk Rag |       |     2 |       ||     2
  Use: Scroll            |     3 |     3 |    11 ||    17
       Potion            |     3 |     2 |     6 ||    11
 Stab: Sleeping          |     6 |     9 |    11 ||    26
       Invisible         |       |     5 |     5 ||    10
       Distracted        |       |       |     2 ||     2
  Eat: Chunk             |     6 |     5 |    20 ||    31
       Royal jelly       |       |     2 |     1 ||     3
       Meat ration       |       |       |     3 ||     3
Armor: Robe              |    24 |    12 |    23 ||    59
       Skin              |       |       |    17 ||    17
Dodge: Dodged            |   105 |    53 |   189 ||   347
